 Dungeon Crawl Stone Soup version 0.32-a0-996-gb3226c233f (webtiles) character file.

Game seed: 4637948440336077922

1094 topfpfpflanze the Conjurer (level 8, -2/46 HPs)
             Began as an Octopode Conjurer on Apr 23, 2024.
             Slain by a gnoll bouda
             ... wielding a +0 club
              (5 damage)
             ... on level 5 of the Dungeon.
             The game lasted 00:03:39 (4537 turns).

topfpfpflanze the Conjurer (Octopode Conjurer)      Turns: 4537, Time: 00:03:40

Health: -2/46      AC:  1    Str:  7    XL:     8   Next: 31%
Magic:  8/18       EV: 12    Int: 22    God:
Gold:   147        SH:  5    Dex: 10    Spells: 9/20 levels left

rFire   . . .        e - +3 short sword (speed)
rCold   . . .        (no shield)
rNeg    . . .        (helmet restricted)
rPois   .            b - amulet of reflection
rElec   .            k - ring of resist corrosion
rCorr   +            (no ring)
SInv    .            (no ring)
Will    .....        (no ring)
Stlth   +++          (no ring)
HPRegen 0.27/turn    (no ring)
MPRegen 0.16/turn    (no ring)
                     (no ring)

%: reflection
@: no status effects
A: almost no armour, amphibious, 8 rings, camouflage 1, gelatinous body 1,
(nimble swimmer 1), tentacles
a: no special abilities


You were on level 5 of the Dungeon.
You visited 1 branch of the dungeon, and saw 5 of its levels.

You collected 147 gold pieces.

Inventory:

Hand Weapons
 e - a +3 short sword of speed (weapon)
Jewellery
 b - an amulet of reflection (around mantle)
 k - a ring of resist corrosion (left tentacle)
Talismans
 g - a serpent talisman
Wands
 p - a wand of charming (11)
Scrolls
 c - a scroll of identify {@r1}
 d - 2 scrolls of amnesia
 f - a scroll of fear
 i - 3 scrolls of enchant weapon
 j - a scroll of revelation {unknown}
 l - a scroll of acquirement {unknown}
 o - a scroll of teleportation {unknown}
Potions
 a - a potion of magic
 m - a potion of invisibility {unknown}
 n - a potion of experience {unknown}
 q - a potion of enlightenment {unknown}
 r - a potion of cancellation


   Skills:
 - Level 2.0 Dodging
 - Level 2.6 Stealth
 + Level 6.8 Spellcasting
 + Level 7.4 Conjurations


You had 9 spell levels left.
You knew the following spells:

 Your Spells              Type           Power      Damage    Failure   Level
a - Magic Dart            Conj           100%       1d8       1%          1
b - Searing Ray           Conj           80%        2d7       1%          2
c - Iskenderun's Mystic Conj/Tloc 24%            2d7        (+2d3     19%         4
d - Fulminant Prism       Conj/Alch      12%        3d9       19%         4

Your spell library contained the following spells:

 Spells                   Type           Power      Damage    Failure   Level
 Ensorcelled Hibernation  Hex/Ice        14%        N/A       13%         2
 Frozen Ramparts          Ice            14%        1d3       26%         3
 Fugue of the Fallen      Necr           7%         N/A       26%         3
 Ozocubu's Armour         Ice            7%         N/A       26%         3
 Anguish                  Hex/Necr       3%         N/A       63%         4
 Metabolic Englaciation   Hex/Ice        3%         N/A       93%         5


Dungeon Overview and Level Annotations

Branches:
Dungeon (5/15)
 Temple: D:4-7

Altars:
Nemelex Xobeh

Annotations:
D:3 exclusion: downstairs


Innate Abilities, Weirdness & Mutations

You cannot wear most types of armour.
You are amphibious.
You can wear up to eight rings at the same time.
Your skin changes colour to match your surroundings (Stealth+).
Your rubbery body absorbs attacks. (AC +1, EV +1)
((You are camouflaged when in or above water. (Stealth+)))
You have tentacles for arms and can constrict up to eight enemies at once.


Message History

Aiming: Searing Ray (safe; 1% risk of failure)
Press: ? - help, Shift-Dir - straight line The searing ray hits the centaur! (Press . to maintain the ray.)
The centaur shoots an arrow.
The arrow hits you! The gnoll completely misses you.
You block the gnoll's attack.
The centaur shoots an arrow.
The arrow barely misses you.
Unknown command.
The searing ray hits the centaur!
The centaur shoots an arrow.
You block the arrow with an invisible shield... and reflect it back!
The arrow hits the centaur!
The gnoll barely misses you.
The gnoll hits you from afar with a +0 spear!
Unknown command.
The searing ray hits the centaur.
You kill the centaur!
You block the gnoll's attack.
The gnoll bouda barks out a call to the hunt!
The gnolls pick up the pace!
The gnoll hits you from afar with a +0 spear.
Unknown command.
Casting: Searing Ray (safe; 1% risk of failure) Restarting spell: Searing Ray (safe; 1% risk of failure)
Press: ? - help, Shift-Dir - straight line, f - gnoll
Aim: a gnoll, wielding a +0 whip (heavily wounded, covering ground quickly, 84% to hit)
The searing ray hits the gnoll!
You kill the gnoll! (Press . to maintain the ray.)
The gnoll hits you from afar with a +0 spear.
Unknown command.
The searing ray hits the gnoll bouda.
Your attacks no longer feel as feeble.
The gnoll hits you from afar with a +0 spear.
* * * LOW HITPOINT WARNING * * *
The gnoll bouda hits you with a +0 club!
* * * LOW HITPOINT WARNING * * *
Unknown command.
It was a potion of cancellation.
You feel magically purged. You block the gnoll's attack.
The gnoll bouda hits you with a +0 club.
You die...

##### ..>## ..g
#c### #g# #########
.....##@###........
#.).....#.......#
#...............#
#...............#
#...............#
..........########
.....##+##.#######
..... #.##........
##### #.#......###


You could see a gnoll bouda and a gnoll (swift).

Vanquished Creatures
  Edmund (D:4)
  A water moccasin (D:4)
  A sky beast (D:4)
  2 black bears (D:5)
  A centaur (D:5)
  2 phantoms (D:4)
  A gnoll bouda (D:5)
  An orc priest (D:4)
  An iguana (D:4)
  4 orc wizards
  6 adders
  5 gnolls (D:5)
  3 ribbon worms (D:2)
  A dart slug (D:1)
  7 orcs (D:3)
  10 endoplasms
  5 giant cockroaches
  4 goblins
  11 hobgoblins
  9 kobolds
  3 quokkas
  6 ball pythons
  3 bats
  4 frilled lizards
  A rat (D:2)
93 creatures vanquished.

Notes
Turn   | Place    | Note
-------+----------+-------------------------------------------
     0 | D:1      | topfpfpflanze the Octopode Conjurer began the quest for the
                  | Orb.
     0 | D:1      | Reached XP level 1. HP: 11/11 MP: 3/3
   196 | D:1      | Reached XP level 2. HP: 17/17 MP: 1/5
   349 | D:1      | Reached XP level 3. HP: 19/21 MP: 2/7
  1150 | D:2      | Found a sparkling altar of Nemelex Xobeh.
  1332 | D:2      | Reached XP level 4. HP: 27/27 MP: 6/9
  2464 | D:3      | Reached XP level 5. HP: 23/31 MP: 8/11
  2630 | D:3      | Learned a level 2 spell: Searing Ray
  2932 | D:4      | Noticed a phantom
  2936 | D:4      | Reached skill level 5 in Conjurations
  2936 | D:4      | Noticed a sky beast
  2945 | D:4      | Reached XP level 6. HP: 21/36 MP: 9/13
  2956 | D:4      | Reached skill level 5 in Spellcasting
  2956 | D:4      | Killed a sky beast
  3070 | D:4      | Noticed a water moccasin
  3079 | D:4      | Killed a water moccasin
  3080 | D:4      | Reached skill level 6 in Conjurations
  3080 | D:4      | Reached XP level 7. HP: 37/41 MP: 8/15
  3754 | D:4      | Noticed Edmund
  3877 | D:4      | HP: 2/41 [Edmund/+2 dire flail of holy wrath (11)]
  3890 | D:4      | Killed Edmund
  4077 | D:5      | Entered Level 5 of the Dungeon
  4168 | D:5      | Reached XP level 8. HP: 23/46 MP: 12/17
  4173 | D:5      | Reached skill level 7 in Conjurations
  4373 | D:5      | Learned a level 4 spell: Iskenderun's Mystic Blast
  4378 | D:5      | Learned a level 4 spell: Fulminant Prism
  4537 | D:5      | Slain by a gnoll bouda

Illustrated notes

Levels and vault maps discovered:
D:1:      dpeg_arrival_snail, layout_rooms, serial_glass, glass_columns_b,
          glass_columns_b, glass_columns_c, glass_columns_a, glass_columns_a,
          glass_columns_a, due_unseen_surprise, feat_on_display,
          minmay_strange_pillars, minmay_strange_pillars,
          minmay_misc_feat_columns, lemuel_flame_loot_1
D:2:      layout_basic, basic_altar
D:3:      layout_rooms
D:4:      layout_loops_ring, uniq_edmund
D:5:      layout_basic, minmay_temple_entry_drinking_statues, serial_shops,
          shop, dreamdust_princess_corridor, uniq_pikel, uniq_sigmund,
          uniq_blork_the_orc

Skill      XL: |  1  2  3  4  5  6  7  8 |
---------------+-------------------------+-----
Spellcasting   | 3 4 5 6 |  6.8
Conjurations   | 5 6 7 |  7.4
Dodging        | |  2.0
Stealth        | |  2.6

Action                     |  1- 3 |  4- 6 |  7- 9 || total
---------------------------+-------+-------+-------++-------
  Melee: Short sword       |    19 |     9 |     6 ||    34
         Constrict         |     7 |     2 |     2 ||    11
         Tentacles         |     4 |     4 |     3 ||    11
         Unarmed           |       |       |    12 ||    12
   Cast: Magic Dart        |    60 |    98 |    30 ||   188
         Searing Ray       |       |     7 |     9 ||    16
  Evoke: Wand              |       |       |     1 ||     1
    Use: Potion            |       |     6 |     3 ||     9
         Scroll            |       |     3 |     3 ||     6
 Armour: Skin              |     7 |    16 |    28 ||    51
  Dodge: Dodged            |     9 |     8 |    15 ||    32
  Block: Other             |       |       |     6 ||     6
         Reflection        |       |       |     1 ||     1

Table legend: (Time is in decaauts)
 A = Elapsed time spent in this place.
 B = Non-inter-level travel time spent in this place.
 C = Inter-level travel time spent in this place.
 D = Time resting spent in this place.
 E = Time spent auto-exploring this place.
 F = Levels seen in this place.
 G = Mean time per level.
                   A        B        C        D        E       F      G
               +--------+--------+--------+--------+--------+-----+--------+
         Total |   4529 |   4404 |    125 |    526 |   3347 |   5 |  905.8 |
       Dungeon |   4529 |   4404 |    125 |    526 |   3347 |   5 |  905.8 |
               +--------+--------+--------+--------+--------+-----+--------+

Top non-repeatable levels by time:
     D:4: 1334 daAuts
     D:2: 1037 daAuts
     D:1: 876 daAuts
     D:3: 823 daAuts
     D:5: 457 daAuts
